 Dungeon Crawl Stone Soup version 0.26.0-16-gc1dbca0489 (console) character file.

Game seed: 359862623183618669

5318 om the Spear-Bearer (level 10, -1/114 HPs)
             Began as a Merfolk Berserker on Jan 19, 2021.
             Was a High Priest of Trog.
             Slain by a vampire (2 damage)
             ... on level 10 of the Dungeon.
             The game lasted 00:16:54 (11269 turns).

om the Spear-Bearer (Merfolk Berserker)            Turns: 11269, Time: 00:16:55

Health: -1/114     AC: 11    Str: 20    XL:     10   Next: 64%
Magic:  10/10      EV: 16    Int:  7    God:    Trog [*****.]
Gold:   559        SH:  0    Dex: 14    Spells: 9/9 levels left

rFire    + . .     SeeInvis .   u - +0 scythe
rCold    . . .     Faith    .   (shield currently unavailable)
rNeg     + . .     Spirit   .   q - +2 ring mail {rF+}
rPois    .         Reflect  .   k - +0 helmet
rElec    .         Harm     .   t - +0 cloak
rCorr    .         Rampage  .   (no gloves)
Will     +....                  (no boots)
Stlth    ..........             B - amulet of the acrobat
HPRegen  0.29/turn              g - ring of willpower
MPRegen  0.12/turn              w - ring of positive energy

@: berserking, very quick
A: change form in water, swift swim, stealthy swim
a: Renounce Religion, Berserk, Trog's Hand, Brothers in Arms


You were on level 10 of the Dungeon.
You worshipped Trog.
Trog was extremely pleased with you.
You visited 1 branch of the dungeon, and saw 10 of its levels.

You collected 559 gold pieces.

Inventory:

Hand Weapons
 a - a +0 spear
 u - a +0 scythe (weapon)
Armour
 k - a +0 helmet (worn)
 q - a +2 ring mail of fire resistance (worn)
 t - a +0 cloak (worn)
Jewellery
 g - a ring of willpower (left hand)
 v - an uncursed ring of fire
 w - a ring of positive energy (right hand)
 x - an uncursed ring of teleportation
 B - an amulet of the acrobat (around neck)
Wands
 y - a wand of iceblast (23)
 z - a wand of paralysis (8)
 E - a wand of flame (28)
Scrolls
 b - a scroll of enchant weapon {unknown}
 e - a scroll of magic mapping
 f - a scroll of amnesia {unknown}
 h - 2 scrolls of teleportation
 i - a scroll of random uselessness {unknown}
 l - 2 scrolls of fog
 n - 2 scrolls of blinking
 o - 2 scrolls of enchant armour {unknown}
 r - 4 scrolls of remove curse
 A - 2 scrolls of fear {unknown}
 D - a scroll of identify
Potions
 d - 2 potions of lignification
 j - a potion of flight {unknown}
 m - a potion of haste {unknown}
 p - a potion of brilliance {unknown}
 s - a potion of invisibility {unknown}
 C - a potion of attraction {unknown}


   Skills:
 + Level 5.6 Fighting
 - Level 4.0(6.1) Axes
 * Level 12.2(12.8) Polearms
 * Level 7.2 Armour
 * Level 9.2 Dodging


You had 9 spell levels left.
You didn't know any spells.
Your spell library was empty.

Dungeon Overview and Level Annotations

Branches:
Dungeon (10/15)            Temple (0/1) D:6             Orc (0/2) D:9
   Lair: D:8-11

Altars:
Ashenzari
Cheibriados
Nemelex Xobeh
Okawaru
Qazlal
Ru
Sif Muna
Trog
Uskayaw
Xom
Yredelemnul
The Shining One

Annotations:
D:6 2 transporters, ardl's ghost, novice DDAK


Message History

Something closely misses you. Something barely misses you.
Something bites you but does no damage.
You closely miss something. Something hits you but does no damage.
Something bites you.
* * * LOW HITPOINT WARNING * * *
Something draws strength from your injuries!
A red film seems to cover your vision as you go berserk!
You feel yourself moving faster!
You feel mighty! Something hits you!
* * * LOW HITPOINT WARNING * * *
Something bites you.
* * * LOW HITPOINT WARNING * * *
Something draws strength from your injuries!
You closely miss something. Something hits you.
* * * LOW HITPOINT WARNING * * *
Something bites you!
* * * LOW HITPOINT WARNING * * *
Something draws strength from your injuries!
You closely miss something. Something hits you but does no damage.
Something bites you.
* * * LOW HITPOINT WARNING * * *
Something draws strength from your injuries!
You hit something but do no damage. Something barely misses you.
Something bites you.
You die...

#.#
#.#
#.#
#.#
#.#
#.#
#{#
#@#
###


There were no monsters in sight!

Vanquished Creatures
  An unseen horror (D:9)
  A troll (D:9)
  Grinder (D:3)
  Sigmund (D:3)
  Menkaure (D:7)
  A water moccasin (D:9)
  A sky beast (D:7)
  3 orc warriors (D:9)
  2 ice beasts
  A swamp drake (D:9)
  2 black bears (D:6)
  A phantom (D:5)
  6 ogres
  4 centaurs
  A big kobold (D:4)
  3 bullfrogs
  A wyvern zombie (D:9)
  4 killer bees (D:9)
  A howler monkey (D:3)
  8 wights (D:9)
  4 crimson imps (D:4)
  A quasit (D:6)
  4 hounds
  2 centaur skeletons
  10 orc priests
  8 orc wizards
  Crazy Yiuf (D:3)
  A bullfrog skeleton (D:6)
  3 iguanas
  Natasha (thrice) (D:3)
  4 worker ants
  A hound skeleton (D:6)
  A worker ant zombie (D:8)
  8 adders
  4 gnolls (D:2)
  A shadow imp (D:5)
  A white imp (D:8)
  3 ufetubi
  An adder zombie (D:5)
  2 worms (D:4)
  5 dart slugs
  3 leopard geckos
  26 orcs
  3 bats (D:1)
  4 giant cockroaches
  6 hobgoblins
  6 jackals
  6 quokkas
  2 frilled lizards
  12 goblins
  A jackal skeleton (D:6)
  A jackal zombie (D:7)
  5 kobolds
  2 leopard gecko skeletons (D:4)
  A leopard gecko zombie (D:6)
  A quokka zombie (D:5)
  11 rats
202 creatures vanquished.

Vanquished Creatures (others)
  A plant (D:9)
1 creature vanquished.

Grand Total: 203 creatures vanquished

Notes
Turn   | Place    | Note
-------+----------+-------------------------------------------
     0 | D:1      | om the Merfolk Berserker began the quest for the Orb.
     0 | D:1      | Reached XP level 1. HP: 18/18 MP: 1/1
   427 | D:1      | Reached XP level 2. HP: 20/24 MP: 2/2
   932 | D:1      | Reached skill level 5 in Polearms
   932 | D:1      | Reached XP level 3. HP: 29/29 MP: 3/3
  1245 | D:1      | Reached ** piety under Trog
  1330 | D:2      | Reached XP level 4. HP: 29/37 MP: 4/4
  1592 | D:2      | Reached XP level 5. HP: 37/42 MP: 5/5
  1792 | D:2      | Reached skill level 6 in Polearms
  1932 | D:3      | Noticed Natasha
  1946 | D:3      | Killed Natasha
  2027 | D:3      | Noticed Grinder
  2031 | D:3      | Paralysed by Grinder for 6 turns
  2049 | D:3      | Killed Grinder
  2050 | D:3      | Reached skill level 7 in Polearms
  2050 | D:3      | Reached XP level 6. HP: 38/48 MP: 6/6
  2343 | D:3      | Noticed Natasha
  2348 | D:3      | Killed Natasha
  2545 | D:3      | Found a runed translucent door.
  2546 | D:3      | Noticed Crazy Yiuf
  2553 | D:3      | Killed Crazy Yiuf
  2554 | D:3      | Reached XP level 7. HP: 54/54 MP: 7/7
  3089 | D:3      | Noticed Natasha
  3100 | D:3      | Killed Natasha
  3239 | D:3      | Found a sacrificial altar of Ru.
  3242 | D:3      | Noticed Sigmund
  3265 | D:3      | Killed Sigmund
  3266 | D:3      | Reached skill level 5 in Dodging
  4384 | D:4      | Reached XP level 8. HP: 60/60 MP: 8/8
  4401 | D:4      | Reached *** piety under Trog
  4820 | D:4      | Found a shimmering altar of Xom.
  4829 | D:4      | Reached skill level 8 in Polearms
  4875 | D:4      | Reached skill level 5 in Armour
  5268 | D:5      | Entered Level 5 of the Dungeon
  5330 | D:5      | Found a sparkling altar of Nemelex Xobeh.
  5457 | D:5      | Reached skill level 9 in Polearms
  5641 | D:5      | Found a hide-covered altar of Uskayaw.
  6090 | D:5      | Reached skill level 10 in Polearms
  6090 | D:5      | Found an iron altar of Okawaru.
  6246 | D:5      | Reached XP level 9. HP: 53/65 MP: 9/9
  6329 | D:6      | Reached skill level 1 in Axes
  6341 | D:6      | Found a bloodstained altar of Trog.
  6599 | D:6      | Found a staircase to the Ecumenical Temple.
  6670 | D:6      | Reached **** piety under Trog
  6941 | D:6      | Found a transporter.
  6942 | D:6      | Found a transporter.
  6942 | D:6      | Identified the +5 great mace "Wuss" {elec, Str+3}
  6942 | D:6      | Noticed a two-headed ogre
  6942 | D:6      | Noticed ardl's ghost (novice DDAK)
  7017 | D:6      | Found a stormy altar of Qazlal.
  7453 | D:7      | Noticed Menkaure
  7461 | D:7      | Killed Menkaure
  7657 | D:8      | Reached skill level 11 in Polearms
  7859 | D:8      | Found a bloodstained altar of Trog.
  8180 | D:8      | Found a basalt altar of Yredelemnul.
  8259 | D:8      | Found a broken altar of Ashenzari.
  8459 | D:8      | Found a shimmering blue altar of Sif Muna.
  8715 | D:9      | Reached skill level 5 in Fighting
  8715 | D:9      | Reached XP level 10. HP: 74/74 MP: 10/10
  9042 | D:9      | Killed an unseen horror
  9406 | D:9      | Found a glowing golden altar of the Shining One.
  9410 | D:9      | Found a snail-covered altar of Cheibriados.
  9706 | D:9      | Reached ***** piety under Trog
 10514 | D:9      | Reached skill level 12 in Polearms
 10984 | D:9      | Found a staircase to the Orcish Mines.
 11253 | D:10     | Entered Level 10 of the Dungeon
 11268 | D:10     | HP: 1/114 [something (6)]
 11269 | D:10     | Slain by a vampire

Illustrated notes

Levels and vault maps discovered:
D:1:      eino_arrival_tree_alley, layout_loops_cross
D:2:      layout_rooms, serial_bayou_pond_e
D:3:      layout_loops_ring, lemuel_doored_altar, grunt_ministairs_5,
          uniq_grinder, uniq_crazy_yiuf_cottage, uniq_natasha, uniq_sigmund
D:4:      layout_cave_pools, led_xom_imps
D:5:      layout_basic, kennysheep_okawaru_gauntlet, lemuel_crystal_altar,
          nemelex_xobeh_ov_fountains_minmay
D:6:      layout_gridville, trog_ov_bears_minmay,
          nicolae_qazlal_style_of_elements, minmay_temple_entry_gardened_gates,
          gammafunk_ghost_smash
D:7:      layout_rooms, kennysheep_big_empty_room, uniq_menkaure
D:8:      layout_basic, old_standard_altar, minitemple, david_defended_altar_orc
D:9:      layout_irregular_city, tso_oasis_becter, cheibriados_altar_1,
          erik_orc_1, serial_co_window_serial, co_window_paths_a,
          co_window_corner_a, co_window_paths_b, co_window_paths_a,
          co_window_paths_a, co_window_of_opportunity_a,
          co_window_of_opportunity_c, co_window_corner_cb, co_window_paths_c,
          co_window_of_opportunity_c, co_window_unsneaky_path_d,
          co_window_broadway_c, co_window_of_opportunity_b, co_window_4corner_b,
          glass_columns_a, glass_columns_b
D:10:     wad_cavern_with_rooms, layout_basic, serial_rivers,
          chequers_serial_rivers_micro_a, chequers_serial_rivers_micro_a,
          chequers_serial_rivers_micro_c, chequers_serial_rivers_micro_c,
          chequers_serial_rivers_small_3, moated_statue

Skill      XL: |  1  2  3  4  5  6  7  8  9 10 |
---------------+-------------------------------+-----
Dodging        | 3 4 5 6 7 9 |  9.2
Polearms       | 5 7 10 11 12 | 12.2
Armour         | 2 3 4 6 7 |  7.2
Fighting       | 4 5 |  5.6
Axes           | 3 4 |  4.0

Action                   |  1- 3 |  4- 6 |  7- 9 | 10-12 || total
-------------------------+-------+-------+-------+-------++-------
Melee: Spear             |   119 |   110 |    57 |       ||   286
       Scythe            |       |       |   343 |   200 ||   543
Invok: Berserk           |     1 |     4 |     8 |     6 ||    19
       Trog's Hand       |       |     1 |       |     1 ||     2
  Use: Scroll            |       |     1 |    11 |     1 ||    13
       Potion            |       |       |     2 |     2 ||     4
 Stab: Sleeping          |     2 |       |       |       ||     2
       Invisible         |       |       |     1 |       ||     1
Armor: Animal skin       |     4 |       |       |       ||     4
       Ring mail         |    15 |    34 |   172 |   101 ||   322
Dodge: Dodged            |    51 |    60 |   384 |   286 ||   781
